 Dungeon Crawl Stone Soup version 0.22.0-38-g04b72b8 (webtiles) character file.

221 Lew the Chopper (level 5, -5/45 HPs)
             Began as a Minotaur Fighter on Aug 30, 2018.
             Was an Initiate of Okawaru.
             Slain by an ogre
             ... wielding a +0 giant club
              (10 damage)
             ... on level 4 of the Dungeon.
             The game lasted 00:03:16 (2058 turns).

Lew the Chopper (Minotaur Fighter)                  Turns: 2058, Time: 00:03:17

Health: -5/45      AC:  8    Str: 22    XL:     5   Next: 65%
Magic:  4/4        EV:  7    Int:  5    God:    Okawaru [......]
Gold:   149        SH:  9    Dex:  9    Spells: 4/4 levels left

rFire    . . .     SeeInvis .   a - +0 war axe
rCold    . . .     Gourm    .   c - +0 shield
rNeg     . . .     Faith    .   b - +0 scale mail
rPois    .         Spirit   .   (helmet restricted)
rElec    .         Reflect  .   (no cloak)
rCorr    .         Harm     .   r - +0 pair of gloves
MR       .....                  (no boots)
Stlth    ..........             (no amulet)
HPRegen  0.15/turn              (no ring)
MPRegen  0.09/turn              (no ring)

@: no status effects
A: retaliatory headbutt, horns 2
a: Renounce Religion


You were on level 4 of the Dungeon.
You worshipped Okawaru.
Okawaru was noncommittal.
You were not hungry.

You visited 1 branch of the dungeon, and saw 4 of its levels.

You collected 149 gold pieces.

Inventory:

Hand Weapons
 a - a +0 war axe (weapon)
Armour
 b - a +0 scale mail (worn)
 c - a +0 shield (worn)
 r - a +0 pair of gloves (worn)
Wands
 s - a wand of random effects (15)
Scrolls
 e - a scroll of amnesia {unknown}
 i - 2 scrolls of teleportation {unknown}
 j - 5 scrolls of identify {unknown}
 l - a scroll of fear {unknown}
 m - a scroll of enchant weapon {unknown}
 o - a scroll of remove curse {unknown}
Potions
 d - 3 potions of might
 g - 2 potions of brilliance {unknown}
 h - a potion of berserk rage {unknown}
 k - 2 potions of mutation {unknown}
 n - a potion of degeneration {unknown}
 p - 2 potions of curing {unknown}
 q - a potion of lignification {unknown}
Comestibles
 f - 5 rations


   Skills:
 - Level 3.6 Fighting
 + Level 7.2 Axes
 - Level 3.6 Armour
 - Level 3.6 Shields


You had 4 spell levels left.
You didn't know any spells.
Your spell library was empty.

Dungeon Overview and Level Annotations

Branches:
Dungeon (4/15)
 Temple: D:4-7

Altars:
Elyvilon
Fedhas
Okawaru
Ru
Xom


Innate Abilities, Weirdness & Mutations

You reflexively headbutt those who attack you in melee.
You have a pair of horns on your head.


Message History

You barely miss the ogre.
The ogre is heavily wounded.
The ogre hits you with a giant club!!
Ouch! That really hurt!
You are too injured to fight recklessly!
You are too injured to fight recklessly!
Unknown command.
You hit the ogre. You headbutt the ogre!
The ogre is almost dead.
You block the ogre's attack.
Unknown command.
You barely miss the ogre.
The ogre is almost dead.
The ogre hits you with a giant club!
* * * LOW HITPOINT WARNING * * *
Unknown command.
You barely miss the ogre.
The ogre is almost dead.
The ogre hits you with a giant club!
You die...

## #..######
...#O@...##
....$....<..#
.............#
.............#
.............#
.............#
.............#
............##
...#.....##


You could see an ogre.

Vanquished Creatures
  An orc wizard (D:2)
  Terence (D:2)
  A hound skeleton (D:3)
  Robin (D:2)
  3 gnolls (D:3)
  3 adders
  A worm (D:2)
  3 dart slugs
  3 leopard geckos (D:2)
  3 orcs (D:3)
  4 giant cockroaches
  12 goblins
  6 hobgoblins
  9 jackals
  2 quokkas
  6 bats
  5 frilled lizards
  4 kobolds
  6 rats
74 creatures vanquished.

Notes
Turn   | Place    | Note
-------+----------+-------------------------------------------
     0 | D:1      | Lew the Minotaur Fighter began the quest for the Orb.
     0 | D:1      | Reached XP level 1. HP: 19/19 MP: 0/0
    50 | D:1      | Reached skill level 3 in Axes
   233 | D:1      | Reached XP level 2. HP: 26/26 MP: 1/1
   530 | D:2      | Noticed Robin
   534 | D:2      | Reached skill level 4 in Axes
   534 | D:2      | Killed Robin
   534 | D:2      | Reached XP level 3. HP: 25/31 MP: 2/2
   839 | D:2      | Reached skill level 5 in Axes
   890 | D:2      | Reached XP level 4. HP: 31/39 MP: 3/3
  1121 | D:2      | Found a shimmering altar of Xom.
  1198 | D:2      | Found a sacrificial altar of Ru.
  1209 | D:2      | Reached skill level 6 in Axes
  1229 | D:2      | Noticed Terence
  1240 | D:2      | Killed Terence
  1240 | D:2      | Reached XP level 5. HP: 28/45 MP: 4/4
  1248 | D:2      | Found a blossoming altar of Fedhas.
  1696 | D:3      | Reached skill level 7 in Axes
  1729 | D:3      | Found an iron altar of Okawaru.
  1746 | D:3      | Became a worshipper of Warmaster Okawaru
  2010 | D:2      | Found a white marble altar of Elyvilon.
  2051 | D:4      | Noticed an ogre
  2058 | D:4      | Slain by an ogre

Skill      XL: |  1  2  3  4  5 |
---------------+----------------+-----
Axes           | 3 4 5 6 7 |  7.2
Fighting       | |  3.6
Armour         | |  3.6
Shields        | |  3.6

Action                   |  1- 3 |  4- 6 || total
-------------------------+-------+-------++-------
Melee: War axe           |    73 |    89 ||   162
       Headbutt          |     7 |    11 ||    18
 Stab: Paralysed         |       |     1 ||     1
  Eat: Chunk             |       |     4 ||     4
Armor: Scale mail        |    31 |    37 ||    68
Dodge: Dodged            |    34 |    23 ||    57
Block: Shield            |    58 |    36 ||    94
